 Dungeon Crawl Stone Soup version 0.30-a0-341-g682706514a (webtiles) character file.

Game seed: 2969103519822625610

58 p00ps00p the Trooper (level 4, -2/44 HPs)
             Began as a Hill Orc Fighter on Nov 5, 2022.
             Killed by nerve-wracking pain
             ... invoked by Jessica
              (12 damage)
             ... on level 2 of the Dungeon.
             The game lasted 00:01:32 (771 turns).

p00ps00p the Trooper (Hill Orc Fighter)              Turns: 771, Time: 00:01:33

Health: -2/44      AC:  6    Str: 20    XL:     4   Next: 2%
Magic:  4/4        EV:  9    Int:  8    God:
Gold:   26         SH:  4    Dex: 10    Spells: 3/3 levels left

rFire   . . .      SeeInvis .    a - +0 war axe
rCold   . . .      Faith    .    c - +0 buckler
rNeg    . . .      Spirit   .    b - +0 scale mail
rPois   .          Reflect  .    (no helmet)
rElec   .          Harm     .    (no cloak)
rCorr   .          Rampage  .    (no gloves)
Will    .....                    (no boots)
Stlth   ..........               (no amulet)
HPRegen 0.27/turn                (no ring)
MPRegen 0.09/turn                (no ring)

@: mighty, lethally poisoned (-2 -> -8)
A: no striking features
a: no special abilities


You were on level 2 of the Dungeon.
You visited 1 branch of the dungeon, and saw 2 of its levels.

You collected 26 gold pieces.

Inventory:

Hand Weapons
 a - a +0 war axe (weapon)
Armour
 b - a +0 scale mail (worn)
 c - a +0 buckler (worn)
Jewellery
 j - a ring of willpower
Scrolls
 e - a scroll of torment {unknown}
 g - a scroll of amnesia {unknown}
 h - a scroll of immolation {unknown}
Potions
 f - a potion of berserk rage {unknown}
 i - a potion of curing {unknown}


   Skills:
 + Level 5.8 Fighting
 - Level 2.6 Axes
 - Level 3.2 Armour
 - Level 3.2 Shields


You had 3 spell levels left.
You didn't know any spells.
Your spell library contained the following spells:

 Spells                   Type           Power      Damage    Failure   Level
 Ozocubu's Armour         Ice            0%         N/A       99%         3
 Ozocubu's Refrigeration  Ice            0%         4d7       100%        7


Dungeon Overview and Level Annotations

Branches:
Dungeon (2/15)

Altars:

Annotations:
D:2 Jessica


Message History

The hound bites you. The hound closely misses you.
You closely miss the hound.
The hound is severely wounded.
The hound bites you but does no damage.
Jessica casts a spell.
Jessica blinks!
The hound closely misses you.
You barely miss the hound.
The hound is severely wounded.
The hound bites you but does no damage. Jessica barely misses you.
The hound bites you but does no damage.
You barely miss the hound.
The hound is severely wounded.
You barely miss Jessica.
Jessica hits you with a +2 dagger of venom.
You are poisoned.
The hound bites you.
Jessica hits you with a +2 dagger of venom.
You are more poisoned.
The hound bites you but does no damage.
You barely miss the hound.
The hound is severely wounded.
You slash Jessica!
You feel very sick.
Jessica points at you and mumbles some strange words.
Pain shoots through your body! The hound barely misses you.
Jessica casts a spell.
Jessica blinks!
The hound bites you.
You slash the hound!
You kill the hound!
* * * LOW HITPOINT WARNING * * *
You feel very sick.
Jessica shouts, "I don't like beings like you!"
Jessica gestures at you while chanting. You resist with some effort.
You have reached level 4!
You feel very mighty all of a sudden.
You feel sick. Jessica casts a spell at you. Pain shoots through your body!
You die...

#.............#
#####.........#
#....####.#
#.#### ..
#.##### #.....#
#.###.#
#.###.###.#
#.@@..>...#
#..##.#####
.....# #
#####.# #.# #.#
... ###


You could see Jessica (fast).

Vanquished Creatures
  A hound (D:2)
  4 bats (D:1)
  An endoplasm (D:1)
  3 giant cockroaches (D:1)
  2 goblins (D:1)
  5 hobgoblins (D:1)
  3 kobolds (D:1)
  A quokka (D:1)
  2 frilled lizards (D:1)
  2 rats (D:1)
24 creatures vanquished.

Notes
Turn   | Place    | Note
-------+----------+-------------------------------------------
     0 | D:1      | p00ps00p the Hill Orc Fighter began the quest for the Orb.
     0 | D:1      | Reached XP level 1. HP: 19/19 MP: 1/1
    40 | D:1      | Reached skill level 4 in Fighting
    47 | D:1      | Reached XP level 2. HP: 22/27 MP: 2/2
   105 | D:1      | Found a faded altar of an unknown god.
   474 | D:1      | Reached XP level 3. HP: 35/35 MP: 3/3
   551 | D:1      | Reached skill level 5 in Fighting
   761 | D:2      | Noticed Jessica
   771 | D:2      | Reached XP level 4. HP: 12/44 MP: 4/4
   771 | D:2      | Killed from afar by Jessica

Illustrated notes

Levels and vault maps discovered:
D:1:      evilmike_arrival_hilbert_curve, layout_loops_ring,
          chequers_ecumenical_altar_island
D:2:      layout_loops_ring, serial_forest, infiniplex_forest_clump_diagonal,
          infiniplex_forest_clump_tiny, infiniplex_forest_clump_C,
          infiniplex_forest_lined_corner, infiniplex_forest_lined_room_3,
          infiniplex_forest_pool, infiniplex_forest_straight_4, basic_altar,
          uniq_jessica

Skill      XL: |  1  2  3 |
---------------+----------+-----
Fighting       | 4 5 |  5.8
Axes           | |  2.6
Armour         | |  3.2
Shields        | |  3.2

Action                   |  1- 3 |  4- 6 || total
-------------------------+-------+-------++-------
Melee: War axe           |    77 |       ||    77
  Use: Potion            |       |     1 ||     1
Armor: Scale mail        |    40 |       ||    40
Dodge: Dodged            |    36 |       ||    36
Block: Buckler           |    17 |       ||    17

Table legend: (Time is in decaauts)
 A = Elapsed time spent in this place.
 B = Non-inter-level travel time spent in this place.
 C = Inter-level travel time spent in this place.
 D = Time resting spent in this place.
 E = Time spent auto-exploring this place.
 F = Levels seen in this place.
 G = Mean time per level.
                   A        B        C        D        E       F      G
               +--------+--------+--------+--------+--------+-----+--------+
         Total |    803 |    795 |      8 |      0 |    608 |   2 |  401.5 |
       Dungeon |    803 |    795 |      8 |      0 |    608 |   2 |  401.5 |
               +--------+--------+--------+--------+--------+-----+--------+

Top non-repeatable levels by time:
     D:1: 765 daAuts
     D:2: 37 daAuts
